woodfighter, neutral female scurrid Tourist ... ..... ....... .. G ...@...-. -- ..h......--.-- --- G ..............-- ---.-- ..).....)%%.%...| ---....| ........----....----......| .........[...............-- -..--------..-------..--- --- ---- ---- woodfighter the Excursionist Experience level: 8 Strength: 15 Dexterity: 14 Constitution: 14 Intelligence: 13 Wisdom: 11 Charisma: 13 Health: 0(54) Energy: 35(35) Def: 6 Gold: 0 Moves: 5395 Dungeon seed: mxQBJogf4QOe9td8 Game ID: woodfighter_1527622816 Your Inventory: Weapons a - 24 +2 darts (in quiver) J - a blessed +5 orcish dagger named Dagger of Legend (weapon in paw) V - 6 +0 darts Y - 6 blessed +2 darts Armor e - an uncursed +0 elven mithril-coat (being worn) n - an uncursed +1 dwarvish cloak (being worn) q - an uncursed +0 dwarvish cloak r - an uncursed +0 dwarvish cloak z - an uncursed +0 dwarvish cloak C - a cursed +0 dwarvish cloak G - an uncursed +0 dwarvish cloak Q - an uncursed +0 dwarvish cloak S - an uncursed +0 dwarvish cloak T - an uncursed +0 pair of high boots U - an uncursed +0 dwarvish cloak Comestibles c - 6 uncursed food rations d - an uncursed egg f - 2 uncursed tripe rations g - an uncursed orange h - an uncursed clove of garlic l - an uncursed banana A - an uncursed cream pie E - 3 uncursed chestnuts H - an uncursed lichen corpse I - an uncursed pear Tools b - an uncursed stethoscope s - an uncursed bag of holding y - an uncursed skeleton key D - an uncursed blindfold O - an uncursed brass lantern (lit) (0:470) Gems N - an uncursed flint Contents of the bag of holding: 220 gold pieces 2 uncursed eucalyptus leaves 3 uncursed sprigs of wolfsbane a [blessed] scroll of confuse monster a [uncursed] scroll of enchant armor 2 [uncursed] scrolls of identify a [cursed] scroll of remove curse a [blessed] potion of polymorph a [uncursed] potion of water a [uncursed] ring of cold resistance a [cursed] [-2] ring of increase accuracy a [blessed] [+3] ring of increase damage 7 [uncursed] wax candles [0:400] Spells and supernatural/magical abilities: Name Level Category Fail Memory W - pray for help -- divine ? -- Your skills at the end: Miscellaneous Skills wands [Basic] Weapon Skills dart [Basic] Spellcasting Skills Final Attributes: You were devoutly aligned. You were poison resistant. Your writing paw was ok. You were telepathic. You had infravision. You were stealthy. You were lucky. You are dead. Vanquished creatures: a ghost 2 giant mimics a large mimic 2 giant beetles a leprechaun a giant spider a gold golem a dingo a jaguar an imp a rock mole 2 rock piercers a fog cloud 5 gnome lords a gnomish wizard a black naga hatchling a golden naga hatchling a guardian naga hatchling a gray ooze an elf zombie 5 floating eyes 2 kittens 10 dwarves 2 homunculi 2 kobold lords 2 iguanas 2 centipedes a jitterbug a giant bat 2 monkeys 2 orc zombies a werejackal 6 killer bees 2 coyotes a gas spore 2 hobbits an acid blob a large kobold a gecko 3 hobgoblins 6 giant rats a brown mold 2 yellow molds 2 red molds 15 gnomes 2 garter snakes a gnome zombie 9 jackals 3 foxes 6 kobolds 10 newts 9 goblins 6 sewer rats 6 grid bugs a bat 10 lichens 4 kobold zombies 169 creatures vanquished. Voluntary challenges: You did not cause conflict. You were not invisible. You did not have reflection. You were not displaced. You used a wielded weapon 35 times, starting on turn 4324. You did not apply a unicorn horn. You did not use plumbed fixtures. You did not drink any magical draughts. You read items or engraved 3 times, starting on turn 730. You never genocided any monsters. You never polymorphed an object. You never changed form. You cheated 1 time but completed Sokoban on turn 3986. You used no wishes. You never split a pudding. You never wrote Elbereth's name. You never violated your personal moral code. Dungeon overview: The Dungeons of Doom: levels 1 to 7 Level 1 a long staircase Level 2 an altar to Offler Level 3 a fountain Level 4 a scroll shop stairs to The Gnomish Mines Level 5 many fountains Level 6 a general store, a fountain stairs to Sokoban Level 7 The Gnomish Mines: levels 5 to 9 Level 5 stairs to The Dungeons of Doom Level 6 Level 7 Level 8 Level 9 <- You were here Sokoban: levels 2 to 5 Level 2 a magic chest Level 3 Level 4 Level 5 an altar to Blind Io, a magic chest stairs to The Dungeons of Doom History has recorded: On T:1 you entered the Dungeons of Doom to retrieve the Amulet of Yendor! On T:39 you reached level 2 of The Dungeons of Doom. On T:498 you reached level 3 of The Dungeons of Doom. On T:575 you advanced to experience level 2. On T:682 you reached level 4 of The Dungeons of Doom. On T:709 you advanced to experience level 3. On T:779 you reached level 1 of The Gnomish Mines. On T:852 you reached level 5 of The Dungeons of Doom. On T:1087 you advanced to experience level 4. On T:1123 you prayed to The Lady. On T:1224 you advanced to experience level 5. On T:1333 you reached level 6 of The Dungeons of Doom. On T:1594 you advanced to experience level 6. On T:1628 you reached level 7 of The Dungeons of Doom. On T:1666 you reached level 4 of Sokoban. On T:1761 you opened a magic chest. On T:1892 you reached level 3 of Sokoban. On T:2627 you reached level 2 of Sokoban. On T:3067 you reached level 1 of Sokoban. On T:3075 you advanced to experience level 7. On T:3986 you entered the Sokoban zoo. On T:4677 you reached level 2 of The Gnomish Mines. On T:4890 you reached level 3 of The Gnomish Mines. On T:5064 you advanced to experience level 8. On T:5261 you reached level 4 of The Gnomish Mines. On T:5336 you reached level 5 of The Gnomish Mines. Score breakdown: Gold: 0 ( 0 points) Experience: 8 levels ( 700 points) Exploration: 9 levels ( 240 points) Discoveries: 23 items ( 1150 points) Variety of kills: 57 monsters ( 2000 points) Major goal: finished Sokoban ( 1000 points) Survival: died (score multiplied by 3) Total score: 15270 Latest messages: You put a scroll labeled JUYED AWK YACC into the bag called holding. You put a clear potion into the bag called holding. You put a copper ring into the bag called holding. You put a gold ring into the bag called holding. You put 7 candles into the bag called holding. You kill the gnome! The dart hits the dwarf king! The dart hits the dwarf king. The dart hits the dwarf king. The dwarf king wields a broad short sword! The dwarf king thrusts his broad short sword at you. The dwarf king stabs you! The dart hits the dwarf king. The dart hits the dwarf king! The dart hits the dwarf king! The dwarf king thrusts his broad short sword at you. The dwarf king stabs you! The dwarf king thrusts his broad short sword at you. The dwarf king stabs you! You die... Final status: Aloha woodfighter the Tourist, killed by a dwarf king... You died in The Gnomish Mines on dungeon level 9 with 15270 points, and 220 pieces of gold, after 5395 moves. You were level 8 with a maximum of 54 hit points when you died.